 Dungeon Crawl Stone Soup version 0.20-a0-269-g17f5411 (webtiles) character file.

51142 Musica the Bludgeoner (level 14, -1/130 HPs)
             Began as a Minotaur Fighter on Dec 8, 2016.
             Was an Elder of the Shining One.
             Slain by an anaconda (14 damage)
             ... on level 1 of the Snake Pit.
             The game lasted 01:06:06 (13902 turns).

Musica the Bludgeoner (Minotaur Fighter)           Turns: 13902, Time: 01:06:07

Health: -1/130     AC: 10    Str: 27    XL:     14   Next: 22%
Magic:  13/13      EV: 13    Int: 12    God:    the Shining One [****..]
Gold:   1087       SH: 21    Dex: 17    Spells: 13/13 levels left

rFire  . . .     SeeInvis .     R - +9 hand axe "Mutzalap" {flame, rC- Str+6 Int+7}
rCold  x . .     Gourm    .     Y - +1 troll leather armour
rNeg   + + .     Faith    .     m - +0 large shield
rPois  .         Spirit   .     (helmet restricted)
rElec  .         Reflect  .     V - +0 cloak
rCorr  +         Harm     .     (no gloves)
MR     +....     Rnd*Rage +     a - +0 pair of boots
Stlth  +.........               s - amulet of regeneration
                                S - ring of resist corrosion
                                C - +3 ring of protection

@: glowing, constricted
A: retaliatory headbutt, horns 2, agile 1, berserk 1, deformed body
a: Divine Shield, Cleansing Flame, Renounce Religion


You were on level 1 of the Snake Pit.
You worshipped the Shining One.
The Shining One was greatly pleased with you.
You were not hungry.

You visited 4 branches of the dungeon, and saw 20 of its levels.

You collected 1217 gold pieces.
You spent 130 gold pieces at shops.

Inventory:

Hand Weapons
 g - a +3 flail of protection
 v - a +0 blowgun
 D - a +3 flail of holy wrath
 R - the +9 hand axe "Mutzalap" (weapon) {flame, rC- Str+6 Int+7}
   (You found it on level 6 of the Lair of Beasts)

   It has been specially enchanted to burn those struck by it, causing extra
   injury to most foes and up to half again as much damage against particularly
   susceptible opponents.
   Big, fiery blades are also staple armaments of hydra-hunters.
   It affects your strength (+6).
   It affects your intelligence (+7).
   It makes you vulnerable to cold.
Missiles
 q - 2 needles of sleeping
 u - 9 javelins (quivered)
 y - 3 needles of frenzy
 L - 51 poisoned needles
 N - 18 tomahawks
Armour
 a - a +0 pair of boots (worn)
 b - a +0 scale mail
 c - a +1 shield
 m - a +0 large shield (worn)
 V - a +0 cloak (worn)
 Y - a +1 troll leather armour (worn)
Jewellery
 h - an uncursed ring of fire
 s - an amulet of regeneration (around neck)
 w - an uncursed ring of protection from magic
 x - an uncursed amulet of rage
 B - a +1 ring of evasion {unknown}
 C - a +3 ring of protection (left hand)
 S - a ring of resist corrosion (right hand)
Wands
 d - a wand of flame (13/48)
 o - a wand of paralysis (13/24)
 M - a wand of lightning (12/15)
 O - a wand of acid (7/15)
 P - a wand of lightning (3/15)
 Q - a wand of teleportation (5/9)
 W - a wand of confusion (28/48)
Scrolls
 e - 13 scrolls of identify
 i - a scroll of enchant armour
 j - 8 scrolls of remove curse
 l - a scroll of recharging
 n - 4 scrolls of fog
 z - 2 scrolls of enchant weapon
 A - 3 scrolls of blinking
 G - a scroll of amnesia
 J - 2 scrolls of immolation {unknown}
Potions
 t - a potion of agility
 F - 2 potions of resistance
 H - 4 potions of curing
 I - a potion of brilliance
 K - 5 potions of flight
Comestibles
 f - 13 bread rations
 k - 4 meat rations
 p - 11 royal jellies
 E - 12 fruits


   Skills:
 + Level 13.7 Fighting
 + Level 16.1 Maces & Flails
 + Level 6.1 Throwing
 + Level 9.7 Armour
 + Level 9.0 Dodging
 + Level 14.3 Shields
 + Level 0.5 Evocations


You had 13 spell levels left.
You didn't know any spells.

Dungeon Overview and Level Annotations

Branches:
Dungeon (12/15)            Temple (1/1) D:7            Lair (6/6) D:11
  Swamp (0/4) Lair:2        Snake (1/4) Lair:2        Slime (0/5) Lair:6
    Orc: D:9-12

Altars:
Ashenzari
Cheibriados
Dithmenos
Elyvilon
Fedhas
Gozag
Hepliaklqana
Kikubaaqudgha
Makhleb
Nemelex Xobeh
Okawaru
Qazlal
Ru
Sif Muna
Trog
Uskayaw
Vehumet
Xom
Yredelemnul
Zin
The Shining One
Jiyva

Shops:
D:4 }   D:5 !   D:6 *   D:7 (   D:9 (

Annotations:
Lair:4 exclusion: 2 oklob plants
Snake:1 Agnes


Innate Abilities, Weirdness & Mutations

You reflexively headbutt those who attack you in melee.
You have a pair of horns on your head.
You are agile. (Dex +2)
You tend to lose your temper in combat.
Armour fits poorly on your strangely shaped body.


Message History

An anaconda comes into view.
The anaconda hisses angrily.
You feel better. You block the anaconda's attack. x2
You are too injured to fight recklessly!
You hit the anaconda. You burn the anaconda.
You headbutt the anaconda, but do no damage.
The anaconda is lightly wounded.
You block the anaconda's attack. x2
You closely miss the anaconda. Your headbutt misses the anaconda.
The anaconda is lightly wounded.
You block the anaconda's attack. The anaconda bites you!
* * * LOW HITPOINT WARNING * * *
The anaconda grabs you. The anaconda closely misses you.
* * * LOW HITPOINT WARNING * * *
The anaconda constricts you.
You slash the anaconda! You burn the anaconda.
Your headbutt misses the anaconda.
The anaconda is moderately wounded.
The anaconda bites you!
You die...

##+####
#.....##
#......##
+.......+
+S......#
#@......#
#.......#
#.......#
+.......+
+......##
#.....##
#......
#.......


You could see an anaconda.

Vanquished Creatures
  Nessos (Lair:6)
  Erolcha (D:9)
  2 hydras
  2 catoblepae (Lair:6)
  Erica (Lair:1)
  16 death yaks
  A shock serpent (Snake:1)
  The ghost of Herrn the Cleaver, a novice FoMo (D:8)
  A naga ritualist (Snake:1)
  Pikel (D:9)
  A hill giant (D:10)
  2 mana vipers (Snake:1)
  An ugly thing (D:11)
  2 manticores (Lair:6)
  4 spiny frogs
  3 black mambas
  The ghost of vogonpoet the Changer, a novice DsTm of Ashenzari (D:4)
  6 komodo dragons
  2 rime drakes
  The ghost of Ezendos the Caller, a novice OpWz of Vehumet (D:5)
  A queen bee (Lair:3)
  2 trolls
  A hornet (Lair:5)
  A two-headed ogre (D:10)
  21 blink frogs
  10 polar bears
  7 hippogriffs
  A wraith (D:10)
  6 spriggans (Lair:3)
  A wyvern (Lair:4)
  43 yaks
  A vampire (D:9)
  A basilisk (Lair:3)
  2 fire bats (Lair:2)
  2 hungry ghosts
  A hog (D:11)
  Edmund (D:4)
  Menkaure (D:4)
  6 water moccasins
  3 black bears (D:11)
  3 slaves (D:9)
  8 porcupines
  3 orc warriors
  2 sky beasts
  2 ice beasts
  5 ogres
  A centaur (D:6)
  3 wolves (Lair:4)
  10 crocodiles
  2 big kobolds
  13 bullfrogs
  A wyvern zombie (D:8)
  4 scorpions
  29 killer bees
  A howler monkey (D:4)
  An electric eel (Lair:2)
  3 bullfrog zombies
  A crimson imp (D:12)
  4 centaur skeletons
  5 jellies
  4 hounds
  3 orc priests
  A gnoll shaman (D:4)
  3 bullfrog skeletons
  5 iguanas
  7 orc wizards
  7 worker ants
  A hound zombie (D:5)
  A hound skeleton (D:6)
  12 adders
  A howler monkey skeleton (D:5)
  4 gnolls
  3 shadow imps
  An adder zombie (D:9)
  2 oozes
  2 worms
  5 dart slugs
  6 leopard geckos
  20 orcs
  A ball python (D:2)
  4 giant cockroaches
  4 goblins
  9 hobgoblins
  12 jackals
  5 quokkas
  7 bats
  4 frilled lizards
  A jackal zombie (D:8)
  11 kobolds
  A leopard gecko skeleton (D:6)
  A quokka skeleton (D:6)
  7 rats
  A fire vortex (Lair:2)
  A plant (Lair:4)
420 creatures vanquished.

Vanquished Creatures (collateral kills)
  A catoblepas (Lair:6)
1 creature vanquished.

Vanquished Creatures (others)
  Nikola (Snake:1)
  A giant cockroach (D:3)
  A fire vortex (Lair:2)
  4 fungi
  10 plants
17 creatures vanquished.

Grand Total: 438 creatures vanquished

Notes
Turn   | Place    | Note
-------+----------+-------------------------------------------
     0 | D:1      | Musica the Minotaur Fighter began the quest for the Orb.
     0 | D:1      | Reached XP level 1. HP: 19/19 MP: 0/0
   294 | D:1      | Reached XP level 2. HP: 27/27 MP: 1/1
   468 | D:1      | Reached XP level 3. HP: 32/33 MP: 2/2
   668 | D:2      | Found a shadowy altar of Dithmenos.
   730 | D:3      | Found a radiant altar of Vehumet.
   819 | D:2      | Reached skill level 3 in Maces & Flails
  1369 | D:3      | Found a white marble altar of Elyvilon.
  1435 | D:3      | Reached XP level 4. HP: 41/41 MP: 3/3
  1436 | D:3      | Found a shimmering altar of Xom.
  1697 | D:4      | Noticed Edmund
  1707 | D:4      | Killed Edmund
  1707 | D:4      | Reached skill level 4 in Maces & Flails
  1707 | D:4      | Reached skill level 5 in Armour
  1707 | D:4      | Reached XP level 5. HP: 29/47 MP: 4/4
  1727 | D:5      | Entered Level 5 of the Dungeon
  1814 | D:4      | Reached skill level 5 in Maces & Flails
  1817 | D:4      | Reached XP level 6. HP: 42/53 MP: 5/5
  1867 | D:4      | Reached skill level 5 in Fighting
  1988 | D:4      | Reached skill level 6 in Maces & Flails
  1988 | D:4      | Reached skill level 1 in Throwing
  1990 | D:4      | Found an opulent altar of Gozag.
  1992 | D:4      | Noticed Menkaure
  1999 | D:4      | Reached XP level 7. HP: 56/61 MP: 6/6
  2005 | D:4      | Killed Menkaure
  2056 | D:4      | Found Ilerr's Gadget Shoppe.
  2109 | D:4      | Noticed vogonpoet's ghost (novice DsTm)
  2118 | D:4      | Killed vogonpoet's ghost
  2118 | D:4      | Reached skill level 7 in Maces & Flails
  2247 | D:4      | Found a deep blue altar of Sif Muna.
  2427 | D:4      | Reached XP level 8. HP: 69/70 MP: 7/7
  2497 | D:4      | Found a sparkling altar of Nemelex Xobeh.
  2563 | D:5      | Noticed Ezendos's ghost (novice OpWz)
  2569 | D:5      | Killed Ezendos's ghost
  2569 | D:5      | Reached skill level 8 in Maces & Flails
  2750 | D:5      | Found Ipnogge's Distillery.
  2759 | D:5      | Bought a potion of mutation for 27 gold pieces
  2759 | D:5      | Gained mutation: You are agile. (Dex +2) [potion of mutation]
  2759 | D:5      | Lost mutation: You are agile. (Dex +2) [potion of mutation]
  2984 | D:5      | Found an opulent altar of Gozag.
  2984 | D:5      | Found a hazy altar of Hepliaklqana.
  3120 | D:6      | Reached skill level 5 in Shields
  3331 | D:6      | Reached skill level 9 in Maces & Flails
  3373 | D:6      | Found a snail-covered altar of Cheibriados.
  3451 | D:6      | Reached XP level 9. HP: 78/78 MP: 8/8
  3860 | D:6      | Found Raimoez's Assorted Antiques.
  3868 | D:6      | Gained mutation: You are agile. (Dex +2) [potion of mutation]
  3868 | D:6      | Gained mutation: Armour fits poorly on your strangely shaped body. [potion of mutation]
  3868 | D:6      | Gained mutation: You tend to lose your temper in combat. [potion of mutation]
  3878 | D:6      | Bought a scroll labeled SIJURPH NIYGAGA for 23 gold pieces
  3878 | D:6      | Bought a scroll labeled JUIPEO ZOSEILE for 23 gold pieces
  3878 | D:6      | Bought a blowgun for 57 gold pieces
  4231 | D:7      | Found Ejuhey Maer's Weapon Emporium.
  4308 | D:7      | Found a radiant altar of Vehumet.
  4330 | D:7      | Found a staircase to the Ecumenical Temple.
  4369 | Temple   | Entered the Ecumenical Temple
  4443 | Temple   | Became a worshipper of the Shining One
  4835 | D:8      | Noticed Herrn's ghost (novice FoMo)
  4859 | D:7      | Got a heavily runed lapis lazuli ring
  4906 | D:7      | Reached skill level 10 in Maces & Flails
  5214 | D:9      | Noticed Erolcha
  5228 | D:9      | Killed Erolcha
  5228 | D:9      | Reached XP level 10. HP: 59/88 MP: 9/9
  5370 | D:10     | Entered Level 10 of the Dungeon
  5491 | D:9      | Reached skill level 11 in Maces & Flails
  5552 | D:9      | Noticed Pikel
  5566 | D:9      | Killed Pikel
  5569 | D:9      | Found Houcucau's Antique Weapon Emporium.
  5576 | D:9      | Reached * piety under the Shining One
  5609 | D:8      | Killed Herrn's ghost
  5609 | D:8      | Reached skill level 5 in Throwing
  5667 | D:8      | Identified the ring "Qyifoy" {+Fly rC+ Int+4} (You found it on level 7 of the Dungeon)
  5835 | D:8      | Found a glowing silver altar of Zin.
  6497 | D:10     | Reached skill level 12 in Maces & Flails
  6521 | D:11     | Noticed a hill giant
  6537 | D:10     | Killed a hill giant
  6662 | D:10     | Reached ** piety under the Shining One
  6687 | D:10     | Found a glowing golden altar of the Shining One.
  7532 | D:11     | Reached XP level 11. HP: 97/97 MP: 10/10
  7558 | D:11     | Noticed a brown ugly thing
  7573 | D:11     | Killed a brown ugly thing
  7581 | D:11     | Found a huge runed gate.
  7581 | D:11     | Found a huge runed gate.
  7581 | D:11     | Found a huge runed gate.
  7581 | D:11     | Noticed a death yak
  7595 | D:11     | Reached skill level 13 in Maces & Flails
  7647 | D:11     | Found a huge runed gate.
  7692 | D:11     | Killed a death yak
  7692 | D:11     | Reached skill level 1 in Dodging
  7761 | D:11     | Reached skill level 10 in Fighting
  7761 | D:11     | Reached skill level 10 in Shields
  7794 | D:11     | Found a staircase to the Lair.
  7813 | D:11     | Found a snail-covered altar of Cheibriados.
  7844 | Lair:1   | Entered Level 1 of the Lair of Beasts
  7962 | Lair:1   | Reached *** piety under the Shining One
  7977 | Lair:1   | Reached skill level 14 in Maces & Flails
  8063 | Lair:1   | Noticed Erica
  8073 | Lair:1   | Killed Erica
  8283 | Lair:1   | Reached XP level 12. HP: 106/107 MP: 11/11
  8887 | Lair:2   | Found a staircase to the Swamp.
  8939 | Lair:2   | Found a staircase to the Snake Pit.
  9533 | Lair:3   | Noticed a five-headed hydra
  9542 | Lair:3   | Killed a five-headed hydra
  9542 | Lair:3   | Reached skill level 5 in Dodging
 10036 | Lair:3   | Reached skill level 15 in Maces & Flails
 10390 | Lair:4   | Noticed a death yak
 10405 | Lair:4   | Killed a death yak
 10457 | Lair:4   | Found an opulent altar of Gozag.
 10913 | Lair:4   | Reached XP level 13. HP: 117/117 MP: 12/12
 11922 | Lair:6   | Entered Level 6 of the Lair of Beasts
 12052 | Lair:5   | The Shining One protects you from harm!
 12204 | Lair:6   | Noticed Nessos
 12230 | Lair:6   | Killed Nessos
 12242 | Lair:6   | Found a viscous altar of Jiyva.
 12659 | Lair:6   | Reached **** piety under the Shining One
 12677 | Lair:6   | Found a staircase to the Slime Pits.
 13090 | Lair:6   | Reached skill level 16 in Maces & Flails
 13191 | Lair:6   | Reached XP level 14. HP: 110/129 MP: 13/13
 13668 | Lair:6   | Got an iridescent hand axe
 13669 | Lair:6   | Identified the +9 hand axe "Mutzalap" {flame, rC- Str+6 Int+7} (You found it on level 6 of the Lair of Beasts)
 13810 | Snake:1  | Entered Level 1 of the Snake Pit
 13864 | Snake:1  | Noticed Nikola
 13882 | Snake:1  | Killed Nikola
 13892 | Snake:1  | Noticed Agnes
 13902 | Snake:1  | Slain by an anaconda

Vault maps used:
D:1:      dpeg_arrival_rooms_a
D:2:      nicolae_overflow_hidden_temple
D:3:      fiery_altar_vehumet, lemuel_round_altar, elyvilon_altar_5
D:4:      lemuel_blue_sif_altar, nemelex_altar_shiori, first_bread,
          serial_shops, shop, nicolae_gozag_seed_capital, uniq_menkaure,
          uniq_edmund
D:5:      gammafunk_temple_overflow_wave, serial_shops, shop
D:6:      cheibriados_altar_1, serial_shops, nicolae_shop_statue_plus
D:7:      serial_shops, nicolae_shop_statue_plus, basic_altar
D:8:      marbit_many_paths
D:9:      serial_shops, shop, uniq_pikel, uniq_erolcha
D:10:     mumra_celtic_spiral_tile, basic_altar
D:11:     lemuel_bear_cage, lair_entry_dummy, zombieorc2_lemuel, basic_altar
Temple:   minmay_temple_bridge_abc
Lair:1:   serial_bayou_crossing, lemuel_fruit_fields, uniq_erica
Lair:2:   swamp_mist, guppyfry_snake_entry_island, grunt_megastairs_2
Lair:3:   eino_small_chamber_without_monster, wad_woods_01, lemuel_fruit_tree
Lair:4:   basic_altar, st_stairs_7, serial_bayou_lagoon_a, serial_bayou_shore_b,
          minmay_lair_oklob_chamber, grunt_megastairs_3
Lair:5:   minmay_lair_venomous_thicket
Lair:6:   evilmike_catoblepas_cave, slime_altar_1, uniq_nessos
Snake:1:  minmay_shoptagon, serial_bayou_shore_a, serial_bayou_shore_b,
          uniq_aizul, uniq_agnes, uniq_nikola, uniq_donald

Skill      XL: |  1  2  3  4  5  6  7  8  9 10 11 12 13 14 |
---------------+-------------------------------------------+-----
Armour         | 4 5 6 7 8 9 |  9.7
Fighting       | 4 5 6 7 9 10 11 13 | 13.7
Maces & Flails | 3 4 5 6 7 9 10 12 14 15 16 | 16.1
Throwing       | 1 2 4 5 6 |  6.1
Shields        | 4 5 7 9 10 12 14 | 14.3
Dodging        | 4 6 8 9 |  9.0
Evocations     | |  0.5

Action                   |  1- 3 |  4- 6 |  7- 9 | 10-12 | 13-15 || total
-------------------------+-------+-------+-------+-------+-------++-------
Melee: Flail             |    93 |    75 |   230 |   763 |   403 ||  1564
       Headbutt          |    10 |    13 |    42 |   175 |   146 ||   386
       Hand axe          |       |       |       |       |    44 ||    44
 Fire: Blowgun           |       |       |       |     5 |       ||     5
Throw: Javelin           |       |    12 |    33 |    26 |     3 ||    74
Evoke: Wand              |       |       |       |     1 |     7 ||     8
       Sack of spiders   |       |       |       |       |     8 ||     8
  Use: Potion            |       |     5 |     6 |     9 |     7 ||    27
       Scroll            |       |       |    12 |     6 |    10 ||    28
  Eat: Chunk             |     2 |     2 |    10 |    10 |     3 ||    27
       Fruit             |       |       |     2 |       |       ||     2
       Royal jelly       |       |       |       |     2 |       ||     2
       Beef jerky        |       |       |       |     1 |     2 ||     3
       Meat ration       |       |       |       |     1 |     1 ||     2
Armor: Scale mail        |    35 |    23 |    52 |    14 |       ||   124
       Troll leather arm |       |       |       |   186 |    86 ||   272
Dodge: Dodged            |    28 |    14 |    48 |   205 |   121 ||   416
Block: Shield            |    49 |    36 |   103 |   382 |       ||   570
       Large shield      |       |       |       |    29 |   330 ||   359
